Map: Ruins of Seras

Players

DeaDlyxPowEr - Winner!

  • Race: Zerg Zerg
  • League: Gold

LilDicky

  • Race: Terran Terran
  • League: Gold

VOD

http://www.twitch.tv/tumescentpie

Description

Time

  • Played on: Nov. 19, 2015, 11:10 p.m.
  • Length: 4:09
Show
View Real Time Build Order
Export as new Build Order

DeaDlyxPowEr Zerg - Winner!

Build Orders: Pool Only 

Get SALT Encoding   

  12  0:01  Drone  
  13  0:08  Drone  
  14  0:17  Overlord  
  14  0:25  Drone, Extractor  
  14  0:30  Drone, Extractor  
  16  0:36  Drone  
  17  0:48  Spawning Pool  
  16  0:51  Drone  
  16  0:56  Extractor  
  16  1:01  Drone  
  17  1:07  Drone  
  18  1:20  Drone  
  19  1:28  Overlord  
  19  1:35  Queen  
  19  1:39  Roach Warren  
  20  1:44  Drone  
  20  1:46  Extractor  
  20  1:58  Overlord  
  20  2:25  Roach x2  
  20  2:26  Roach  
  28  2:37  Roach  
  28  2:45  Roach x2  
  28  2:46  Roach  
  34  2:51  Ravager x2  
  34  2:54  Overlord  
  36  3:03  Roach  
  38  3:15  Roach  
  38  3:16  Roach x2  
  44  3:23  Ravager  
  45  3:27  Overlord  
  45  3:50  Roach x3  
Show
View Real Time Build Order
Export as new Build Order

LilDicky Terran 

Build Orders: Command Center First (CC) 

Get SALT Encoding   

  12  0:01  SCV  
  13  0:13  SCV  
  14  0:18  Supply Depot  
  14  0:25  SCV  
  15  0:40  SCV  
  16  0:52  SCV  
  17  1:02  Command Center  
  17  1:05  SCV  
  18  1:17  SCV  
  19  1:19  Barracks  
  19  1:29  SCV  
  20  1:41  Refinery  
  20  1:44  Refinery  
  20  1:49  SCV  
  21  2:01  SCV  
  21  2:08  Marine  
  22  2:14  Bunker, Orbital Command  
  24  2:17  Orbital Command  
  23  2:27  Marine  
  23  2:29  Supply Depot  
  24  2:38  Factory  
  24  2:41  SCV  
  25  2:48  SCV  
  26  2:57  SCV  
  26  2:58  Marine  
  28  3:05  Supply Depot  
  28  3:08  SCV  
  29  3:15  Marine  
  30  3:21  Factory Tech Lab  
  29  3:31  Supply Depot  
  29  3:34  SCV  
  30  3:37  Marine  
  30  3:51  SCV x2  
  36  3:56  Supply Depot, Starport  
Tags
 
Add a new tag
Caveats
  • Supply blocks, unpowered buildings, or Contaminate may cause inaccurate times.
  • Supply counts are checked every 10 seconds.